 Dungeon Crawl Stone Soup version 0.19.5 (webtiles) character file.

19 volk64 the Skirmisher (level 2, 0/16 HPs)
             Began as a Vine Stalker Berserker on Mar 4, 2017.
             Was a Follower of Trog.
             Succumbed to an adder's poison
             ... on level 2 of the Dungeon.
             The game lasted 00:01:56 (848 turns).

volk64 the Skirmisher (Vine Stalker Berserker)       Turns: 848, Time: 00:01:57

Health: 0/16       AC:  3    Str: 19    XL:     2   Next: 75%
Magic:  3/3        EV: 12    Int:  7    God:    Trog [*.....]
Gold:   48         SH:  0    Dex: 13    Spells: 0 memorised, 1 level left

rFire  . . .     SeeInvis .     n - +1 dagger (holy)
rCold  . . .     Gourm    .     b - +0 animal skin
rNeg   . . .     Faith    .     (no shield)
rPois  .         Spirit   +     j - +0 helmet
rElec  .         Reflect  .     (no cloak)
rCorr  .         Harm     .     (no gloves)
MR     .....                    (no boots)
Stlth  +.........               (no amulet)
                                (no ring)
                                (no ring)

@: lethally poisoned (0 -> -11)
A: fangs 2, magic shield, antimagic bite, no device heal 3, rot immunity
a: Berserk, Burn Spellbooks, Renounce Religion


You were on level 2 of the Dungeon.
You worshipped Trog.
Trog was aware of your devotion.
You were not hungry.

You visited 1 branch of the dungeon, and saw 2 of its levels.

You collected 48 gold pieces.

Inventory:

Hand Weapons
 a - a +0 falchion
 n - a +1 dagger of holy wrath (weapon)
Armour
 b - a +0 animal skin (worn)
 j - a +0 helmet (worn)
Jewellery
 r - an uncursed ring of ice {unknown}
Scrolls
 e - 3 scrolls of remove curse {unknown}
 g - a scroll of amnesia {unknown}
 h - a scroll of fog {unknown}
 i - a scroll of enchant weapon {unknown}
 k - a scroll of identify {unknown}
 m - a scroll of teleportation {unknown}
 q - a scroll of recharging {unknown}
Potions
 d - a potion of lignification {unknown}
 f - a potion of cancellation {unknown}
 l - a potion of curing {unknown}
Comestibles
 c - a bread ration
 o - a chunk of flesh
 p - 3 fruits


   Skills:
 + Level 3.1 Fighting
 + Level 3.0 Long Blades
 + Level 1.7 Armour
 + Level 1.6 Dodging


You had one spell level left.
You didn't know any spells.

Dungeon Overview and Level Annotations

Branches:
Dungeon (2/15)

Altars:
The Shining One


Innate Abilities, Weirdness & Mutations

You have extremely sharp teeth.
When hurt, damage is shared between your health and your magic reserves.
Your bite disrupts and absorbs the magic of your enemies.
Potions and wands cannot restore your health.
You are immune to rotting.


Message History

The adder is heavily wounded.
You feel sick. The adder closely misses you.
The adder bites you but does no damage.
You barely miss the adder.
The adder is moderately wounded.
The adder bites you.
* * * LOW HITPOINT WARNING * * *
You are too injured to fight recklessly!
You are too injured to fight recklessly!
You are too injured to fight recklessly!
You hit the adder. You bite the adder. You drain its power.
You feel invigorated.
The adder is severely wounded.
* * * LOW HITPOINT WARNING * * *
You feel sick. The adder bites you.
* * * LOW HITPOINT WARNING * * *
You closely miss the adder. You bite the adder. You drain its power.
You feel invigorated.
The adder is severely wounded.
You die...

..8###...#.#
8## #...#.##
#...#..#
#...##.#
#...##.#
#...##.##
######..#
#.######.?#
#......@#>#
######S...#
......#
#(.....##
#..(...#
#(.#...#
#......#
##.#...#


You could see an adder.

Vanquished Creatures
  A dart slug (D:2)
  A leopard gecko (D:1)
  A ball python (D:1)
  2 hobgoblins (D:1)
  A bat (D:1)
  4 frilled lizards (D:1)
  A goblin (D:1)
  4 kobolds (D:1)
  3 rats
18 creatures vanquished.

Notes
Turn   | Place    | Note
-------+----------+-------------------------------------------
     0 | D:1      | volk64 the Vine Stalker Berserker began the quest for the Orb.
     0 | D:1      | Reached XP level 1. HP: 11/11 MP: 2/2
   269 | D:1      | Reached XP level 2. HP: 16/16 MP: 3/3
   820 | D:2      | Found a glowing golden altar of the Shining One.
   848 | D:2      | Succumbed to an adder's poison

Skill      XL: |  1  2 |
---------------+-------+-----
Long Blades    | 3 |  3.0
Fighting       | 3 |  3.1
Armour         | |  1.7
Dodging        | |  1.6

Action                   || total
-------------------------++-------
Melee: Falchion          ||    28
       Bite              ||    16
       Dagger            ||    17
Armor: Animal skin       ||     7
Dodge: Dodged            ||    23
       Rpst.: Falchion   ||     7
